 Dungeon Crawl Stone Soup version 0.19-a0-151-g039907c (webtiles) character file.

37 Kidiri the Conjurer (level 3, -3/28 HPs)
             Began as a Draconian Conjurer on May 19, 2016.
             Killed from afar by Natasha (9 damage)
             ... with a magic dart
             ... on level 2 of the Dungeon.
             The game lasted 00:05:34 (1571 turns).

Kidiri the Conjurer (Draconian Conjurer)            Turns: 1571, Time: 00:05:34

Health: -3/28      AC:  5    Str: 10    XL:     3   Next: 23%
Magic:  0/6        EV: 12    Int: 16    God:
Gold:   53         SH:  0    Dex: 11    Spells: 2 memorised, 3 levels left

rFire  . . .     SeeInvis .     d - +0 mace
rCold  . . .     Gourm    .     (armour unavailable)
rNeg   . . .     Faith    .     (no shield)
rPois  .         Spirit   .     (helmet restricted)
rElec  .         Dismiss  .     (no cloak)
rCorr  .         Reflect  .     (no gloves)
SustAt .         Harm     .     (no boots)
MR     .....                    g - amulet of inaccuracy (curse)
Stlth  ++........               (no ring)
                                (no ring)

@: not resistant to hostile enchantments, unstealthy
A: unfitting armour, cold-blooded, AC +5
a: no special abilities


You were on level 2 of the Dungeon.
You were hungry.

You visited 1 branch of the dungeon, and saw 2 of its levels.

You collected 53 gold pieces.

Inventory:

Hand Weapons
 d - a +0 mace (weapon)
Missiles
 c - 7 javelins (quivered)
Jewellery
 g - a cursed amulet of inaccuracy (around neck)
Scrolls
 h - a scroll of identify {unknown}
Potions
 i - a potion of mutation {unknown}
 j - a potion of beneficial mutation {unknown}
Books
 a - a book of Conjurations

   Spells                             Type                      Level
   a - Magic Dart                     Conjuration                  1
   b - Searing Ray                    Conjuration                  2
   c - Dazzling Spray                 Conjuration/Hexes            3
   d - Fulminant Prism                Conjuration/Hexes            4
   e - Iskenderun's Mystic Blast      Conjuration                  4
   f - Iskenderun's Battlesphere      Conjuration/Charms           5
Comestibles
 b - 2 bread rations
 f - 2 meat rations


   Skills:
 + Level 1.0 Fighting
 * Level 2.2 Dodging
 + Level 2.2 Stealth
 * Level 2.2 Spellcasting
 + Level 4.2 Conjurations


You had 3 spell levels left.
You knew the following spells:

 Your Spells              Type           Power        Failure   Level  Hunger
a - Magic Dart            Conj           ###.         4%          1    #......
b - Searing Ray           Conj           ###...       8%          2    ###....


Dungeon Overview and Level Annotations

Branches:
Dungeon (2/15)

Altars:
The Shining One

Annotations:
D:2 Natasha


Innate Abilities, Weirdness & Mutations

Your plain brown scales are hard (AC +5).
Your body does not fit into most forms of armour.
You are cold-blooded and may be slowed by cold attacks.


Message History

You miss Natasha.
Natasha is heavily wounded.
Natasha closely misses you. x2
You hit Natasha.
Natasha is severely wounded.
Natasha claws you!
* * * LOW HITPOINT WARNING * * *
Drink which item? (? for menu, Esc to quit)
It was a potion of curing.
You feel better. Natasha claws you.
* * * LOW HITPOINT WARNING * * *
Casting: Magic Dart
Confirm with . or Enter, or press ? or * to list all spells.
Aiming: Magic Dart
Press: ? - help, Shift-Dir - straight line, f/p - Natasha
Aim: Natasha (severely wounded)
The magic dart hits Natasha.
Natasha is severely wounded.
Natasha casts a spell at you. The magic dart hits you!
You die...

....... .......
#..... ### #.....
#.#
##.....####.######
...........>#....#
#......###.#.##.#
######.###.#<.#.#
#..@.#.####.#
#.h..#....#.#
.....?.####.#.#
.."......# #...#
.$.%.....# #####
...##....# ...
#..).# .. #....#


You could see Natasha.

Vanquished Creatures
  An ooze (D:1)
  3 dart slugs (D:1)
  An orc (D:1)
  3 bats (D:1)
  2 goblins (D:1)
  4 hobgoblins (D:1)
  3 jackals (D:1)
  A giant newt (D:1)
  6 kobolds
  A rat (D:1)
25 creatures vanquished.

Notes
Turn   | Place    | Note
--------------------------------------------------------------
     0 | D:1      | Kidiri the Draconian Conjurer began the quest for the Orb.
     0 | D:1      | Reached XP level 1. HP: 14/14 MP: 3/3
   292 | D:1      | Reached XP level 2. HP: 20/22 MP: 0/5
   307 | D:1      | Learned a level 2 spell: Searing Ray
   945 | D:1      | Reached XP level 3. HP: 27/27 MP: 2/6
  1012 | D:1      | Found a glowing golden altar of the Shining One.
  1196 | D:1      | Reached skill level 1 in Fighting
  1557 | D:2      | Noticed Natasha
  1571 | D:2      | Killed from afar by Natasha

Vault maps used:
D:1:      lightli_arrival_boilingwater, glass_columns_b,
          minmay_misc_feat_square, st_stairs_14, tso_altar
D:2:      first_bread, uniq_natasha, uniq_jessica

Skill      XL: |  1  2  3 |
---------------+----------+-----
Stealth        | 2 |  2.2
Dodging        | 2 |  2.2
Fighting       | 1 |  1.0
Spellcasting   | |  2.2
Conjurations   | |  4.2

Action                   || total
-------------------------++-------
Melee: Unarmed           ||    10
       Mace              ||    50
       Tailslap          ||     4
 Cast: Magic Dart        ||    44
  Use: Scroll            ||     1
       Potion            ||     1
 Stab: Sleeping          ||     1
  Eat: Chunk             ||     2
Armor: Skin              ||    17
Dodge: Dodged            ||    43
